Map: Ever Dream LE

Players

soul - Winner!

  • Race: Terran Terran
  • League: Grandmaster
  • Spawn Location: 7:00

Geralt (Gerald)

  • Race: Protoss Protoss
  • League: Grandmaster
  • Spawn Location: 1:00

Event: DreamHack SC2 Masters 2020 Fall

VOD

Have the link to the VOD?

Description

Time

  • Played on: Aug. 26, 2020, 2:31 p.m.
  • Length: 8:17

All games in this series

Show
View Real Time Build Order
Export as new Build Order

soul Terran - Winner!

Build Orders: Reaper Expand 

Get SALT Encoding   

  12  0:00  SCV  
  13  0:12  SCV  
  14  0:17  Supply Depot  
  14  0:24  SCV  
  15  0:38  SCV  
  15  0:39  Barracks  
  16  0:43  Refinery  
  16  0:50  SCV  
  17  1:02  SCV  
  18  1:14  SCV  
  19  1:26  Orbital Command, Reaper  
  20  1:46  Command Center  
  20  1:52  SCV  
  20  1:53  Supply Depot  
  21  1:58  Marine  
  22  2:03  Factory  
  22  2:05  SCV  
  23  2:10  Refinery  
  23  2:15  Bunker  
  23  2:21  Marine  
  25  2:22  SCV  
  25  2:37  SCV  
  25  2:41  Barracks Reactor  
  25  2:51  SCV  
  25  2:53  Hellion  
  25  2:54  Starport  
  28  3:03  SCV  
  29  3:17  Widow Mine  
  29  3:18  SCV, Marine x2  
  33  3:28  Orbital Command  
  33  3:30  SCV  
  33  3:32  Medivac  
  36  3:34  Armory  
  36  3:36  Barracks  
  36  3:39  Widow Mine  
  38  3:47  SCV  
  39  3:51  Supply Depot  
  39  3:54  SCV  
  40  3:59  SCV  
  41  4:02  Factory Tech Lab  
  41  4:04  Supply Depot  
  41  4:05  Starport Tech Lab  
  41  4:06  SCV  
  41  4:08  Marine  
  43  4:11  SCV  
  43  4:14  Marine  
  45  4:18  SCV  
  45  4:22  Drilling Claws  
  45  4:23  SCV  
  50  4:24  Siege Tank  
  50  4:30  SCV  
  51  4:35  SCV  
  51  4:36  Marine x3  
  53  4:42  SCV  
  53  4:43  Stimpack  
  54  4:47  SCV  
  55  4:54  Command Center, SCV  
  55  4:55  Marauder  
  55  4:58  Widow Mine  
  60  5:01  SCV  
  60  5:06  SCV, Supply Depot  
  62  5:09  Engineering Bay  
  62  5:27  Medivac, SCV x2  
  62  5:28  Widow Mine, Barracks, Marauder  
  70  5:29  Supply Depot  
  70  5:33  Refinery x2  
  70  5:36  Supply Depot  
  70  5:46  Marine  
  70  5:50  SCV, Marine x2  
  66  5:58  SCV  
  66  6:02  SCV, Starport Reactor  
  66  6:03  Marine  
  69  6:05  Barracks, Terran Infantry Weapons Level 1  
  69  6:07  Engineering Bay, Barracks  
  69  6:08  Marauder  
  69  6:10  SCV  
  72  6:14  SCV  
  72  6:15  Factory Reactor  
  72  6:16  Missile Turret  
  72  6:17  Marine  
  74  6:21  Combat Shield  
  74  6:22  SCV  
  74  6:24  Concussive Shells  
  75  6:25  Marine  
  75  6:26  Marauder  
  75  6:30  Marauder  
  75  6:31  SCV  
  81  6:34  SCV  
  81  6:35  Marine  
  81  6:37  Orbital Command  
  81  6:39  Medivac  
  85  6:43  Medivac  
  87  6:47  Marauder  
  87  6:49  Marine  
  87  6:50  SCV  
  87  6:51  Marauder  
  93  7:04  Marine  
  93  7:07  SCV  
  93  7:08  Barracks Tech Lab, Barracks Reactor  
  95  7:09  Marauder  
  95  7:10  SCV  
  95  7:13  Marauder  
  95  7:15  Supply Depot x2  
  100  7:20  SCV, Supply Depot x2  
  100  7:22  Widow Mine x2  
  105  7:23  SCV  
  105  7:28  Orbital Command  
  105  7:29  Medivac  
  108  7:32  SCV  
  108  7:36  Medivac, SCV  
  112  7:38  Supply Depot  
  112  7:39  Supply Depot x2  
  114  7:44  Marine  
  114  7:45  Marauder  
  114  7:46  Marauder, Marine  
  114  7:50  Marine  
  121  7:51  Marauder  
  121  7:55  SCV x2  
  121  7:58  SCV  
  122  7:59  Starport  
Show
View Real Time Build Order
Export as new Build Order

Geralt Protoss 

Build Orders: 1 Gate Expand, Blink Stalkers 

Get SALT Encoding   

  12  0:00  Probe  
  13  0:12  Probe  
  14  0:17  Pylon  
  14  0:24  Probe (Chrono Boost)  
  16  0:37  Probe (Chrono Boost)  
  16  0:38  Gateway  
  16  0:41  Probe (Chrono Boost)  
  16  0:46  Assimilator  
  17  0:53  Probe  
  18  1:05  Probe  
  19  1:17  Probe  
  20  1:25  Cybernetics Core  
  20  1:31  Nexus  
  20  1:40  Pylon  
  20  1:41  Probe  
  21  1:53  Probe  
  21  1:54  Assimilator  
  22  1:59  Adept (Chrono Boost)  
  22  2:02  Warp Gate  
  22  2:05  Probe  
  25  2:12  Shield Battery  
  25  2:18  Probe  
  25  2:19  Adept (Chrono Boost)  
  27  2:30  Probe  
  28  2:41  Stalker (Chrono Boost)  
  28  2:42  Probe  
  29  2:45  Probe  
  32  2:54  Twilight Council, Probe  
  33  3:00  Probe  
  32  3:06  Probe  
  32  3:12  Probe  
  34  3:18  Probe  
  35  3:24  Probe  
  35  3:26  Blink (Chrono Boost)  
  34  3:31  Probe  
  34  3:32  Pylon  
  35  3:35  Gateway  
  35  3:38  Probe  
  36  3:44  Probe  
  37  3:50  Probe  
  37  3:51  Gateway  
  37  3:53  Robotics Facility  
  38  3:56  Probe  
  38  3:59  Adept  
  38  4:02  Probe  
  42  4:04  Shield Battery  
  42  4:08  Probe  
  43  4:14  Probe  
  44  4:20  Probe  
  44  4:21  Pylon  
  45  4:25  Stalker  
  45  4:26  Probe  
  47  4:40  Probe  
  47  4:44  Probe  
  41  4:50  Stalker x3  
  47  4:53  Probe  
  47  4:56  Assimilator, Probe  
  47  4:59  Assimilator, Observer  
  50  5:05  Robotics Bay, Probe  
  51  5:07  Forge  
  51  5:09  Probe  
  52  5:15  Stalker  
  52  5:16  Stalker  
  52  5:17  Probe  
  52  5:21  Probe  
  58  5:29  Probe  
  58  5:33  Probe  
  58  5:35  Observer (Chrono Boost)  
  61  5:41  Probe  
  61  5:42  Nexus  
  62  5:46  Pylon  
  62  5:51  Probe  
  62  5:55  Probe  
  56  6:03  Pylon, Probe  
  57  6:07  Protoss Ground Weapons Level 1  
  57  6:08  Probe, Colossus (Chrono Boost)  
  64  6:14  Observer  
  65  6:19  Charge  
  65  6:20  Probe  
  65  6:26  Gateway  
  65  6:29  Gateway  
  65  6:33  Probe  
  65  6:34  Stalker  
  65  6:35  Probe  
  65  6:39  Stalker  
  71  6:46  Probe  
  72  6:47  Probe  
  73  6:54  Colossus (Chrono Boost)  
  73  6:58  Probe  
  76  7:03  Observer  
  76  7:05  Probe x2  
  77  7:10  Probe  
  77  7:13  Gateway  
  78  7:17  Probe x2  
  78  7:20  Photon Cannon  
  78  7:22  Probe  
  81  7:23  Pylon  
  81  7:29  Probe  
  82  7:33  Gateway  
  82  7:36  Dark Shrine, Gateway, Probe  
  74  7:51  Zealot x3  
  74  7:52  Sentry  
  74  7:53  Probe  
  83  8:03  Probe x2  
  85  8:11  Zealot  

Tags
 
Add a new tag
Caveats
  • Supply blocks, unpowered buildings, or Contaminate may cause inaccurate times.
  • Supply counts are checked every 10 seconds.